 Dungeon Crawl Stone Soup version 0.30-a0-782-ge64f9170bb (webtiles) character file.

Game seed: 16251979858366258475

6428 pedritolo the Skirmisher (level 10, -2/60 HPs)
             Began as a Deep Elf Hunter on Mar 5, 2023.
             Was an Initiate of Gozag.
             Slain by a cane toad (9 damage)
             ... on level 1 of the Lair of Beasts.
             The game lasted 00:14:49 (7856 turns).

pedritolo the Skirmisher (Deep Elf Hunter)          Turns: 7856, Time: 00:14:50

Health: -2/60      AC: 17    Str:  8    XL:     10   Next: 67%
Magic:  12/12      EV:  6    Int: 15    God:    Gozag
Gold:   1102       SH:  0    Dex: 22    Spells: 9/9 levels left

rFire   . . .      SeeInvis .    a - +0 shortbow
rCold   + . .      Faith    .    (shield currently unavailable)
rNeg    . . .      Spirit   .    B - +6 chain mail "Igath" {rC+}
rPois   +          Reflect  .    (no helmet)
rElec   .          Harm     .    (no cloak)
rCorr   .          Rampage  .    s - +0 pair of gloves
Will    +....                    (no boots) Stlth
                                 r - amulet of regeneration
HPRegen 1.10/turn                y - ring of poison resistance
MPRegen 0.13/turn                x - +4 ring of slaying

@: lethally poisoned (-2 -> -7), gold aura
A: no striking features
a: Renounce Religion, Potion Petition, Call Merchant, Bribe Branch


You were on level 1 of the Lair of Beasts.
You worshipped Gozag.
Gozag was most pleased with you.
You visited 2 branches of the dungeon, and saw 10 of its levels.

You collected 1412 gold pieces.
You paid 310 gold pieces to Gozag.

Inventory:

Hand Weapons
 a - a +0 shortbow (weapon)
Missiles
 g - 2 curare-tipped darts
 A - a throwing net
Armour
 s - a +0 pair of gloves (worn)
 B - the +6 chain mail "Igath" (worn) {rC+}
   (You found it on level 4 of the Dungeon)

   rC:        It protects you from cold.
Magical Staves
 e - a staff of air
Jewellery
 r - an amulet of regeneration (around neck)
 x - a +4 ring of slaying (right hand)
 y - a ring of poison resistance (left hand)
 L - a ring of flight
Wands
 v - a wand of polymorph (5)
 E - a wand of mindburst (3)
Scrolls
 b - a scroll of immolation
 d - 2 scrolls of butterflies {unknown}
 f - 2 scrolls of blinking {unknown}
 h - a scroll of fog
 i - a scroll of noise {unknown}
 k - 3 scrolls of teleportation
 t - a scroll of vulnerability
 u - 2 scrolls of silence {unknown}
 C - 2 scrolls of poison
 F - 2 scrolls of enchant weapon {unknown}
 I - 2 scrolls of brand weapon {unknown}
 K - a scroll of enchant armour {unknown}
Potions
 c - a potion of haste
 j - 4 potions of flight {unknown}
 l - 2 potions of cancellation {unknown}
 m - 2 potions of magic {unknown}
 n - 4 potions of curing {unknown}
 o - 2 potions of brilliance
 p - 3 potions of mutation {unknown}
 q - a potion of berserk rage
 z - 2 potions of lignification
 D - 2 potions of resistance {unknown}
 G - a potion of invisibility
 H - a potion of might
 J - a potion of degeneration {unknown}


   Skills:
 + Level 5.6 Fighting
 * Level 13.5 Ranged Weapons
 + Level 5.4 Armour
 + Level 8.3 Dodging
 - Level 1.2 Stealth
 + Level 6.8 Evocations


You had 9 spell levels left.
You didn't know any spells.
Your spell library contained the following spells:

 Spells                   Type           Power      Damage    Failure   Level
 Lesser Beckoning         Tloc           0%         N/A       100%        2
 Gell's Gravitas          Tloc           0%         N/A       100%        3
 Ignite Poison            Fire/Tmut/Pois 0%         N/A       100%        3
 Teleport Other           Tloc           0%         N/A       100%        3
 Sticky Flame             Conj/Fire      0%         2d3       100%        4
 Borgnjor's Revivificati  Necr           0%         N/A       100%        8
 Ignition                 Fire           0%         3d3       100%        8
 Necromutation            Tmut/Necr      0%         N/A       100%        8
 Death's Door             Necr           0%         N/A       100%        9


Dungeon Overview and Level Annotations

Branches:
Dungeon (9/15)             Temple (0/1) D:5            Lair (1/5) D:8
    Orc (0/2) D:9

Altars:
Ashenzari
Gozag
Hepliaklqana
Trog
Wu Jian
Xom
Zin

Shops:
D:3 *

Annotations:
D:8 2 transporters, jazmu's ghost, novice KoHu
D:9 Joseph


Message History

You shoot an arrow. The arrow hits the bullfrog!
The bullfrog is heavily wounded.
The bullfrog barely misses you. x3
You shoot an arrow. The arrow hits the bullfrog!
The bullfrog is almost dead.
The bullfrog hits you but does no damage.
The cane toad stings you.
You are poisoned.
The cane toad poisons you! The bullfrog barely misses you.
You shoot an arrow.
The arrow completely misses the bullfrog.
You feel very sick. The bullfrog completely misses you.
The cane toad stings you!
You are more poisoned.
The cane toad poisons you!
The bullfrog hits you but does no damage.
The cane toad stings you but does no damage.
The bullfrog barely misses you. The cane toad stings you.
You shoot an arrow. The arrow hits the bullfrog!
You kill the bullfrog!
You feel extremely sick.
The cane toad stings you but does no damage.
Fire: a) +0 shortbow
Press: ? - help, Q - select action, (/) - cycle Shift-Dir - straight line, f - cane toad
Aim: a cane toad (76% to hit)
You shoot an arrow.
The arrow hits the cane toad but does no damage.
You feel extremely sick.
The cane toad stings you but does no damage. x2
Fire: a) +0 shortbow
Press: ? - help, Q - select action, (/) - cycle Shift-Dir - straight line, f/p - cane toad
Aim: a cane toad (76% to hit)
You shoot an arrow. The arrow hits the cane toad!
The cane toad is moderately wounded.
You feel very sick. The cane toad stings you!
* * * LOW HITPOINT WARNING * * *
The cane toad stings you!
You die...
Your body crumbles into a pile of gold.

...... .# .......#
....... .....# ...
....# ..P###.#.# ##
.... .......$F#
.##.... .......@.#
.#..............#.#
........#.........#
..P.....#.........#
..#.....#.......#.##
.##.....#####.#.#..#
.##...............##
#.................#
..................#


You could see a cane toad.

Vanquished Creatures
  A deep elf pyromancer (D:7)
  A cane toad (Lair:1)
  A komodo dragon (Lair:1)
  A hornet (D:9)
  Prince Ribbit (D:6)
  A shadow (D:9)
  A wraith (D:9)
  4 yaks (D:8)
  A steam dragon (D:7)
  A water moccasin (D:6)
  An acid dragon (D:9)
  4 ice beasts
  2 sky beasts
  2 orc warriors
  3 black bears
  3 ogres
  3 phantoms
  3 centaurs
  2 kobold brigands
  5 bullfrogs
  3 necrophages
  3 scorpions
  5 wights (D:9)
  6 killer bees (D:9)
  5 howler monkeys
  4 hounds
  2 orc priests (D:7)
  4 iguanas
  3 orc wizards
  5 gnolls
  12 adders
  3 white imps
  A worm (D:4)
  4 dart slugs
  15 orcs
  7 bats
  8 endoplasms
  2 giant cockroaches
  15 goblins
  5 hobgoblins
  4 jackals (D:1)
  4 quokkas
  6 ball pythons
  A frilled lizard (D:1)
  14 kobolds
  9 rats
191 creatures vanquished.

Vanquished Creatures (others)
  A plant (Lair:1)
1 creature vanquished.

Grand Total: 192 creatures vanquished

Notes
Turn   | Place    | Note
-------+----------+-------------------------------------------
     0 | D:1      | pedritolo the Deep Elf Hunter began the quest for the Orb.
     0 | D:1      | Reached XP level 1. HP: 12/12 MP: 3/3
   110 | D:1      | Reached XP level 2. HP: 17/17 MP: 4/4
   235 | D:1      | Found a faded altar of an unknown god.
   362 | D:1      | Reached XP level 3. HP: 21/21 MP: 5/5
   433 | D:1      | Reached skill level 6 in Ranged Weapons
   766 | D:2      | Reached skill level 1 in Armour
   935 | D:2      | Reached XP level 4. HP: 20/26 MP: 6/6
  1946 | D:3      | You fall into a shaft and drop 2 floors!
  1946 | D:5      | Entered Level 5 of the Dungeon
  1982 | D:4      | Noticed a phantom
  2038 | D:4      | Noticed an ogre
  2155 | D:3      | Reached XP level 5. HP: 30/30 MP: 7/7
  2254 | D:3      | Found a bloodstained altar of Trog.
  2256 | D:3      | Found an iron altar of Okawaru.
  2256 | D:3      | Found a shimmering altar of Xom.
  2258 | D:3      | Found a shimmering altar of Xom.
  2258 | D:3      | Found a glowing silver altar of Zin.
  2258 | D:3      | Found a shimmering altar of Xom.
  2441 | D:3      | Found Gozag's Platinum Reserve.
  2635 | D:3      | Found an opulent altar of Gozag.
  2743 | D:3      | Became a worshipper of Gozag Ym Sagoz the Greedy
  2771 | D:4      | Reached skill level 7 in Ranged Weapons
  2771 | D:4      | Reached skill level 1 in Evocations
  2823 | D:4      | Identified the +6 chain mail "Igath" {rC+}
  2896 | D:4      | Killed a phantom
  2897 | D:4      | Reached XP level 6. HP: 35/36 MP: 8/8
  3321 | D:5      | Found a staircase to the Ecumenical Temple.
  3388 | D:5      | Reached skill level 8 in Ranged Weapons
  3388 | D:5      | Reached XP level 7. HP: 32/41 MP: 9/9
  3948 | D:5      | Reached skill level 5 in Dodging
  3957 | D:5      | Reached skill level 9 in Ranged Weapons
  3957 | D:5      | Reached XP level 8. HP: 46/46 MP: 10/10
  4307 | D:6      | Noticed Prince Ribbit
  4323 | D:6      | Killed Prince Ribbit
  4491 | D:6      | Found an ornate altar of the Wu Jian Council.
  4563 | D:6      | Reached skill level 10 in Ranged Weapons
  5024 | D:6      | Reached XP level 9. HP: 45/52 MP: 11/11
  5193 | D:7      | Reached skill level 11 in Ranged Weapons
  5212 | D:7      | Found a broken altar of Ashenzari.
  5274 | D:7      | Found a hazy altar of Hepliaklqana.
  5389 | D:7      | Reached skill level 5 in Evocations
  5507 | D:7      | Noticed a deep elf pyromancer
  5797 | D:7      | Killed a deep elf pyromancer
  5798 | D:7      | Reached skill level 12 in Ranged Weapons
  5875 | D:8      | Found a transporter.
  5882 | D:8      | Noticed a meliai
  5901 | D:8      | Reached skill level 5 in Fighting
  5946 | D:8      | Noticed jazmu's ghost (novice KoHu)
  5958 | D:8      | Found a transporter.
  6027 | D:8      | Found a bloodstained altar of Trog.
  6061 | D:8      | Reached XP level 10. HP: 9/59 MP: 12/12
  6149 | D:8      | Found a staircase to the Lair.
  6687 | D:9      | Reached skill level 5 in Armour
  6863 | D:9      | Found a staircase to the Orcish Mines.
  7065 | D:9      | Reached skill level 13 in Ranged Weapons
  7219 | D:9      | Noticed Joseph
  7585 | D:9      | Noticed a boulder beetle
  7666 | Lair:1   | Entered Level 1 of the Lair of Beasts
  7688 | Lair:1   | Noticed a cane toad
  7697 | Lair:1   | HP: 1/59 [cane toad (10)]
  7699 | Lair:1   | Killed a cane toad
  7849 | Lair:1   | Noticed a cane toad
  7856 | Lair:1   | Slain by a cane toad

Illustrated notes

Levels and vault maps discovered:
D:1:      dpeg_arrival_subterranean_lakeside_camping, layout_loops_ring,
          shapermc_ecumenical_altar_acropolis
D:2:      layout_basic, minmay_parallelograms, minmay_distorted
D:3:      layout_basic, doesnt_xom_only_xom, nicolae_gozag_zags_fifth_avenue,
          minmay_increasing_density
D:4:      layout_cave_pools, due_unseen_surprise
D:5:      layout_basic, minmay_temple_entry_trees,
          minmay_fractal_squares_gapless_5
D:6:      layout_loops_ring, nicolae_overflow_hidden_temple,
          ebering_dispersal_statue_hall, uniq_prince_ribbit1
D:7:      minmay_bubble_buster, layout_rooms, nzn_hepliaklqana_mist_gate,
          ashenzari_altar_1
D:8:      layout_rooms, mainiacjoe_overflow_alcove_4, lair_entry_dummy,
          nzn_ghost_randoct
D:9:      layout_grid_maze, minmay_orc_entry_temple_large, uniq_joseph
Lair:1:   layout_regular_city

Skill      XL: |  1  2  3  4  5  6  7  8  9 10 |
---------------+-------------------------------+-----
Ranged Weapons | 6 7 8 9 10 12 13 | 13.5
Dodging        | 3 4 5 6 7 8 |  8.3
Fighting       | 2 3 4 5 |  5.6
Armour         | 1 2 3 4 5 |  5.4
Evocations     | 1 2 3 4 5 6 |  6.8
Stealth        | |  1.2

Action                     |  1- 3 |  4- 6 |  7- 9 | 10-12 || total
---------------------------+-------+-------+-------+-------++-------
   Fire: Shortbow          |    92 |   154 |   273 |   159 ||   678
 Invoke: Potion Petition   |       |       |       |     1 ||     1
  Evoke: Wand              |       |       |     4 |    13 ||    17
    Use: Scroll            |       |       |    12 |     1 ||    13
         Potion            |       |       |       |     2 ||     2
 Armour: Leather armour    |     7 |     5 |       |       ||    12
         Chain mail        |       |    19 |   231 |   102 ||   352
  Dodge: Dodged            |    21 |    29 |    78 |    48 ||   176

Table legend: (Time is in decaauts)
 A = Elapsed time spent in this place.
 B = Non-inter-level travel time spent in this place.
 C = Inter-level travel time spent in this place.
 D = Time resting spent in this place.
 E = Time spent auto-exploring this place.
 F = Levels seen in this place.
 G = Mean time per level.
                   A        B        C        D        E       F      G
               +--------+--------+--------+--------+--------+-----+--------+
         Total |   8294 |   7791 |    503 |    560 |   5355 |  10 |  829.4 |
       Dungeon |   8123 |   7621 |    502 |    560 |   5279 |   9 |  902.6 |
          Lair |    170 |    170 |      0 |      0 |     76 |   1 |  170.0 |
               +--------+--------+--------+--------+--------+-----+--------+

Top non-repeatable levels by time:
     D:5: 1198 daAuts
     D:9: 1115 daAuts
     D:2: 1037 daAuts
     D:6: 902 daAuts
     D:7: 869 daAuts
     D:8: 846 daAuts
     D:3: 817 daAuts
     D:1: 781 daAuts
     D:4: 554 daAuts
  Lair:1: 170 daAuts
